 Dungeon Crawl Stone Soup version 0.26-b1-32-g5d43845318 (webtiles) character file.

Game seed: 16187444065902736131

247 Aviak the Skirmisher (level 6, -1/38 HPs)
             Began as a Tengu Abyssal Knight on Jan 12, 2021.
             Was a Believer of Lugonu.
             Slain by Crazy Yiuf
             ... wielding a +3 quarterstaff of chaos
              (12 damage)
             ... on level 2 of the Dungeon.
             The game lasted 00:02:41 (2274 turns).

Aviak the Skirmisher (Tengu Abyssal Knight)         Turns: 2274, Time: 00:02:42

Health: -1/38      AC:  3    Str: 12    XL:     6   Next: 11%
Magic:  9/9        EV: 15    Int: 13    God:    Lugonu [**....]
Gold:   103        SH:  0    Dex: 15    Spells: 5/5 levels left

rFire    . . .     SeeInvis .   j - +0 scythe
rCold    . . .     Faith    .   (shield currently unavailable)
rNeg     . . .     Spirit   .   b - +0 leather armour
rPois    .         Reflect  .   (helmet restricted)
rElec    .         Harm     .   (no cloak)
rCorr    .         Rampage  .   (no gloves)
Will     +....                  (boots unavailable)
Stlth    +.........             e - amulet of the acrobat
HPRegen  0.12/turn              h - ring of willpower
MPRegen  0.11/turn              (no ring)

@: flying quickly and evasively, quick
A: beak, talons 3, able to fly
a: Stop Flying, Renounce Religion, Depart the Abyss, Bend Space


You were on level 2 of the Dungeon.
You worshipped Lugonu.
Lugonu was pleased with you.
You visited 1 branch of the dungeon, and saw 2 of its levels.
You visited the Abyss 1 time.

You collected 103 gold pieces.

Inventory:

Hand Weapons
 a - a +1 spear
 j - a +0 scythe (weapon)
Armour
 b - a +0 leather armour (worn)
Jewellery
 e - an amulet of the acrobat (around neck)
 h - a ring of willpower (left hand)
Scrolls
 c - 2 scrolls of amnesia {unknown}
 d - 2 scrolls of identify {unknown}
 f - 3 scrolls of noise {unknown}
 g - a scroll of teleportation {unknown}
 i - a scroll of magic mapping {unknown}


   Skills:
 + Level 4.2 Fighting
 + Level 3.8 Polearms
 - Level 2.1 Armour
 + Level 3.2 Dodging
 * Level 3.0 Invocations


You had 5 spell levels left.
You didn't know any spells.
Your spell library contained the following spells:

 Spells                   Type           Power        Failure   Level
 Confusing Touch          Hex            0%           75%         3
 Gell's Gravitas          Tloc           0%           75%         3
 Petrify                  Tmut/Erth      0%           98%         4
 Metabolic Englaciation   Hex/Ice        0%           100%        5
 Yara's Violent Unravell  Hex/Tmut       0%           100%        5


Dungeon Overview and Level Annotations

Branches:
Dungeon (2/15)

Altars:
Okawaru
Xom

Annotations:
D:2 Crazy Yiuf


Innate Abilities, Weirdness & Mutations

You have a beak for a mouth.
You have claws for feet.
You can fly continuously.


Message History

Failed to move towards target.
As you open the door, it creaks loudly!
You hit Crazy Yiuf.
Crazy Yiuf is moderately wounded.
Crazy Yiuf hits you with a +3 quarterstaff of chaos!
Crazy Yiuf burns you.
You hit Crazy Yiuf. You peck Crazy Yiuf.
Crazy Yiuf is severely wounded.
Crazy Yiuf misses you.
Crazy Yiuf grits, "Snower rumpyflump mumblescurry!"
Crazy Yiuf hits you with a +3 quarterstaff of chaos.
You are electrocuted!
* * * LOW HITPOINT WARNING * * *
Unknown command.
Unknown command.
You hit Crazy Yiuf but do no damage. You claw Crazy Yiuf.
Your peck misses Crazy Yiuf.
Crazy Yiuf is almost dead.
Crazy Yiuf hits you with a +3 quarterstaff of chaos!
You die...

#..................###)..).#
#....................#.....#
..................##.......#
#.......################...#
###.....# #...# #.....#
#...# #....###♣♣ ### #...#
###........♣♣ ♣♣#..)# #...#
............♣♣♣♣@g...# #####
..#..........♣..♣#...#
.......#....♣.♣♣♣ ###
....<..###♣♣♣♣♣ .......#
...############# ### ...#
#..(...# #.# ..## #......#
#.# ...# #......# #.#


You could see Crazy Yiuf.

Vanquished Creatures
  Sigmund (D:2)
  Jessica (D:2)
  An adder (D:2)
  2 worms (D:2)
  A dart slug (D:2)
  4 leopard geckos
  An orc (D:2)
  3 giant cockroaches
  4 goblins
  2 hobgoblins (D:1)
  3 ball pythons
  A bat (D:2)
  3 frilled lizards
  5 kobolds
  15 rats
47 creatures vanquished.

Notes
Turn   | Place    | Note
-------+----------+-------------------------------------------
     0 | Abyss:1  | Aviak the Tengu Abyssal Knight began the quest for the Orb.
     0 | Abyss:1  | Reached XP level 1. HP: 14/14 MP: 3/3
   106 | D:1      | Escaped the Abyss
   291 | D:1      | Reached XP level 2. HP: 19/19 MP: 4/4
   740 | D:2      | Noticed Sigmund
  1058 | D:2      | Noticed Jessica
  1074 | D:2      | Reached XP level 3. HP: 11/23 MP: 5/5
  1080 | D:2      | Killed Jessica
  1081 | D:2      | Reached ** piety under Lugonu
  1567 | D:2      | Reached XP level 4. HP: 29/29 MP: 6/6
  1679 | D:2      | Found a shimmering altar of Xom.
  1701 | D:2      | Found an iron altar of Okawaru.
  1717 | D:2      | Killed Sigmund
  1718 | D:2      | Reached skill level 4 in Fighting
  1718 | D:2      | Gained mutation: You can fly continuously. [Tengu growth]
  1718 | D:2      | Reached XP level 5. HP: 24/33 MP: 6/8
  1718 | D:2      | Reached XP level 6. HP: 28/38 MP: 6/9
  1850 | D:2      | Found a runed translucent door.
  1851 | D:2      | Noticed Crazy Yiuf
  2274 | D:2      | Slain by Crazy Yiuf

Illustrated notes

Levels and vault maps discovered:
D:1:      dpeg_arrival_radiant, layout_rooms, palyth_stone_intersect,
          minmay_pentomino_w2
D:2:      layout_rooms, chequers_temple_overflow_statue_of_worship,
          minmay_rat_gold_closets, uniq_jessica, uniq_crazy_yiuf_cottage,
          uniq_sigmund

Skill      XL: |  1  2  3  4  5  6 |
---------------+-------------------+-----
Dodging        | 2 3 |  3.2
Polearms       | 3 |  3.8
Fighting       | 4 |  4.2
Invocations    | 2 3 |  3.0
Armour         | |  2.1

Action                   |  1- 3 |  4- 6 || total
-------------------------+-------+-------++-------
Melee: Spear             |    58 |    29 ||    87
       Kick              |    11 |    10 ||    21
       Peck              |     3 |    11 ||    14
       Scythe            |       |    46 ||    46
 Abil: Fly               |       |     1 ||     1
  Use: Potion            |     2 |       ||     2
 Stab: Sleeping          |       |     4 ||     4
Armor: Leather armour    |     6 |     4 ||    10
Dodge: Dodged            |    23 |    60 ||    83
